Map: Temple of the Past

Players

Takker

  • Race: Protoss Protoss
  • Spawn Location: 0:00

caribou

  • Race: Terran Terran
  • Spawn Location: 0:00

VOD

Have the link to the VOD?

Description

Time

  • Played on: May 17, 2019, 1:02 p.m.
  • Length: 26:29
Show
View Real Time Build Order
Export as new Build Order

Takker Protoss 

Build Orders:  

Get SALT Encoding   

  12  0:04  Probe (Chrono Boost)  
  13  0:18  Probe (Chrono Boost)  
  14  0:32  Probe (Chrono Boost)  
  15  0:46  Probe (Chrono Boost)  
  16  1:00  Probe (Chrono Boost)  
  17  1:14  Probe (Chrono Boost)  
  18  1:22  Xel'Naga Passageway  
  18  1:27  Probe (Chrono Boost)  
  19  1:41  Probe (Chrono Boost)  
  20  1:55  Probe (Chrono Boost)  
  21  2:09  Probe (Chrono Boost)  
  21  2:19  Xel'Naga Passageway  
  22  2:22  Xel'Naga Passageway  
  22  2:23  Probe (Chrono Boost)  
  23  2:43  Probe (Chrono Boost)  
  23  2:47  Core Forge  
  24  2:53  Xel'Naga Ambusher  
  24  2:57  Probe (Chrono Boost)  
  27  3:11  Probe (Chrono Boost)  
  28  3:24  Probe (Chrono Boost)  
  29  3:35  Xel'Naga Ambusher  
  29  3:38  Probe (Chrono Boost)  
  32  3:52  Probe (Chrono Boost)  
  33  4:05  Tesseract Cannon  
  33  4:07  Tesseract Cannon  
  33  4:09  Tesseract Cannon  
  33  4:12  Tesseract Cannon, Xel'Naga Shieldguard  
  33  4:13  Xel'Naga Shieldguard  
  33  4:17  Xel'Naga Ambusher  
  39  4:59  Xel'Naga Ambusher  
  41  5:11  Constructs Facility  
  41  5:16  Void Shrine  
  41  5:28  Xel'Naga Ambusher x2  
  45  5:41  Xel'Naga Ambusher  
  37  6:00  Probe (Chrono Boost)  
  48  6:10  Xel'Naga Shieldguard x2  
  48  6:13  Probe (Chrono Boost)  
  53  6:23  Xel'Naga Ambusher, Ancient Nexus  
  53  6:27  Probe (Chrono Boost)  
  56  6:40  Constructs Bay  
  56  6:41  Probe (Chrono Boost)  
  56  6:47  Xel'Naga Ambusher  
  59  7:58  Tesseract Cannon  
  59  8:01  Tesseract Cannon  
  59  8:04  Tesseract Cannon  
  59  8:08  Tesseract Cannon x2  
  59  8:26  Probe (Chrono Boost)  
  60  8:40  Probe (Chrono Boost)  
  61  8:54  Probe x2 (Chrono Boost)  
  63  9:06  Void Templar  
  63  9:08  Void Templar x2, Probe x2 (Chrono Boost)  
  71  9:22  Probe x2 (Chrono Boost)  
  73  9:39  Xel'Naga Passageway  
  73  9:40  Xel'Naga Passageway  
  73  9:46  Xel'Naga Passageway  
  73  9:48  Void Templar  
  75  9:50  Tesseract Cannon  
  75  9:53  Tesseract Cannon  
  75  9:58  Tesseract Cannon  
  75  10:08  Tesseract Cannon  
  75  10:22  Probe (Chrono Boost)  
  76  10:36  Probe (Chrono Boost)  
  77  10:50  Probe (Chrono Boost)  
  67  11:00  Xel'Naga Shieldguard, Xel'Naga Ambusher x2  
  78  11:03  Xel'Naga Watcher  
  78  11:04  Probe (Chrono Boost)  
  86  11:18  Probe (Chrono Boost)  
  87  11:32  Xel'Naga Watcher  
  87  11:37  Xel'Naga Shieldguard  
  87  11:38  Tesseract Cannon  
  90  11:41  Tesseract Cannon  
  90  11:43  Tesseract Cannon  
  90  11:47  Tesseract Cannon x2  
  90  11:55  Tesseract Cannon  
  90  11:57  Tesseract Cannon  
  90  12:00  Tesseract Cannon  
  90  12:02  Xel'Naga Enforcer  
  94  12:47  Tesseract Cannon  
  94  12:48  Tesseract Cannon  
  94  12:51  Tesseract Cannon  
  94  12:53  Tesseract Cannon  
  94  12:55  Tesseract Cannon  
  94  13:05  Tesseract Cannon  
  94  13:07  Tesseract Cannon  
  94  13:11  Xel'Naga Passageway  
  94  13:13  Ancient Nexus  
  94  13:15  Tesseract Cannon  
  94  13:17  Tesseract Cannon  
  94  13:21  Tesseract Cannon  
  94  13:23  Tesseract Cannon  
  94  13:32  Xel'Naga Passageway  
  94  13:35  Xel'Naga Passageway  
  94  13:37  Xel'Naga Passageway  
  94  13:40  Tesseract Cannon, Xel'Naga Passageway  
  94  13:43  Tesseract Cannon  
  94  13:46  Tesseract Cannon  
  94  14:21  Probe (Chrono Boost)  
  95  14:34  Probe (Chrono Boost)  
  96  14:49  Xel'Naga Ambusher x2  
  100  15:02  Xel'Naga Passageway  
  100  15:05  Xel'Naga Passageway  
  100  15:08  Xel'Naga Passageway  
  100  15:11  Xel'Naga Passageway  
  100  15:32  Tesseract Cannon  
  100  15:34  Tesseract Cannon  
  100  15:36  Tesseract Cannon  
  100  15:42  Tesseract Cannon  
  100  15:43  Tesseract Cannon  
  100  15:51  Tesseract Cannon  
  100  15:54  Tesseract Cannon  
  100  15:56  Tesseract Cannon  
  100  16:01  Tesseract Cannon  
  100  16:03  Tesseract Cannon  
  100  16:05  Tesseract Cannon  
  100  16:06  Tesseract Cannon  
  100  16:08  Tesseract Cannon  
  100  16:18  Tesseract Cannon  
  100  17:46  Tesseract Cannon x2  
  100  17:49  Tesseract Cannon  
  100  17:51  Tesseract Cannon  
  100  17:56  Tesseract Cannon  
  100  17:59  Tesseract Cannon  
  100  18:07  Tesseract Cannon  
  100  18:08  Tesseract Cannon  
  100  18:12  Xel'Naga Passageway  
  100  18:13  Tesseract Cannon  
  100  18:17  Tesseract Cannon  
  100  18:19  Tesseract Cannon  
  100  18:22  Tesseract Cannon  
  100  18:23  Tesseract Cannon  
  100  18:26  Tesseract Cannon  
  100  18:28  Tesseract Cannon  
  100  18:32  Tesseract Cannon  
  100  18:35  Tesseract Cannon x2  
  100  18:43  Tesseract Cannon  
  100  19:18  Tesseract Cannon  
  100  19:23  Tesseract Cannon  
  100  19:26  Tesseract Cannon x2  
  100  19:28  Tesseract Cannon  
  100  20:00  Tesseract Cannon  
  100  20:02  Tesseract Cannon x2  
  100  20:03  Tesseract Cannon  
  100  20:07  Tesseract Cannon  
  100  20:45  Tesseract Cannon  
  100  20:47  Tesseract Cannon  
  100  20:48  Tesseract Cannon  
  100  21:17  Tesseract Cannon x2  
  100  21:20  Tesseract Cannon  
  100  21:21  Tesseract Cannon  
  100  21:23  Tesseract Cannon  
  100  21:25  Tesseract Cannon  
  100  21:30  Tesseract Cannon  
  100  22:24  Tesseract Cannon  
  100  22:30  Tesseract Cannon  
  100  22:35  Tesseract Cannon  
  100  22:41  Tesseract Cannon  
  100  22:47  Tesseract Cannon  
  100  22:54  Tesseract Cannon  
  100  22:59  Tesseract Cannon  
  100  23:05  Tesseract Cannon  
  100  23:08  Tesseract Cannon  
  92  24:34  Telbrus Legion  
Show
View Real Time Build Order
Export as new Build Order

caribou Terran 

Build Orders:  

Get SALT Encoding   

  12  0:03  SCV  
  13  0:25  SCV  
  14  0:42  SCV  
  14  0:47  Barracks  
  15  1:00  Refinery  
  15  1:14  Supply Depot  
  15  1:44  SCV  
  15  1:46  Supply Depot  
  16  2:01  SCV  
  17  2:19  Supply Depot  
Tags
 
Add a new tag
Caveats
  • Supply blocks, unpowered buildings, or Contaminate may cause inaccurate times.
  • Supply counts are checked every 10 seconds.